 Dungeon Crawl Stone Soup version 0.17-a0-1435-geafbe2f (webtiles) character file.

124 Lektor the Firebug (level 4, -7/24 HPs)
             Began as a Deep Elf Fire Elementalist on June 26, 2015.
             Was an Initiate of Vehumet.
             Mangled by an ogre
             ... wielding a +0 giant club
              (23 damage)
             ... on level 4 of the Dungeon.
             The game lasted 00:18:49 (3298 turns).

Lektor the Firebug (Deep Elf Fire Elementalist)     Turns: 3298, Time: 00:18:49

Health: -7/24      AC:  3    Str:  7    XL:     4   Next: 81%
Magic:  1/10       EV: 13    Int: 21    God:    Vehumet [......]
Gold:   135        SH:  0    Dex: 15    Spells: 3 memorised, 1 level left

rFire  . . .     SeeInvis .     p - +1 dagger (speed)
rCold  . . .     Clarity  .     a - +0 robe
rNeg   . . .     SustAt   .     (no shield)
rPois  .         Gourm    .     (no helmet)
rElec  .         Spirit   .     (no cloak)
rCorr  .         Warding  .     (no gloves)
rMut   .         Stasis   .     q - +0 pair of boots
MR     .....                    e - amulet of regeneration
Stlth  ++........               u - ring of ice
                                m - ring of fire

@: very slightly contaminated, hasted, very quick, not resistant to hostile
enchantments, unstealthy
A: strong 1
a: Renounce Religion


You were on level 4 of the Dungeon.
You worshipped Vehumet.
Vehumet was noncommittal.
You were not hungry.

You visited 2 branches of the dungeon, and saw 6 of its levels.

You collected 135 gold pieces.

Inventory:

Hand weapons
 k - a +0 dagger
 p - a +1 dagger of speed (weapon)
 s - a +3 whip of holy wrath
 y - a +0 blowgun
 z - a +0 whip
Armour
 a - a +0 robe (worn)
 q - a +0 pair of boots (worn)
Jewellery
 e - an amulet of regeneration (around neck)
 m - a ring of fire (left hand)
 o - an uncursed amulet of guardian spirit
 u - a ring of ice (right hand)
Scrolls
 d - 5 scrolls of identify
 f - 2 scrolls of noise {unknown}
 i - 2 scrolls of magic mapping {unknown}
 l - 3 scrolls of remove curse {unknown}
Potions
 n - a potion of haste
 r - a potion of ambrosia
 w - a potion of curing
Books
 b - a book of Flames

   Spells                             Type                      Level
   a - Flame Tongue                   Conjuration/Fire             1
   b - Throw Flame                    Conjuration/Fire             2
   c - Conjure Flame                  Conjuration/Fire             3
   d - Inner Flame                    Hexes/Fire                   3
   e - Sticky Flame                   Conjuration/Fire             4
   f - Fireball                       Conjuration/Fire             5
Comestibles
 c - 7 bread rations
 h - a royal jelly
 v - a beef jerky
 x - a meat ration


   Skills:
 - Level 2.6 Dodging
 - Level 2.4 Stealth
 - Level 3.0 Spellcasting
 + Level 3.8 Conjurations
 + Level 4.6 Fire Magic


You had one spell level left.
You knew the following spells:

 Your Spells              Type           Power        Failure   Level  Hunger
a - Flame Tongue          Conj/Fire      ###..        1%          1    None
b - Conjure Flame         Conj/Fire      ###.....     10%         3    ###....
c - Sticky Flame          Conj/Fire      ###.....     24%         4    ####...


Dungeon Overview and Level Annotations

Branches:
Dungeon (5/15)             Temple (1/1) D:4

Altars:
Ashenzari
Cheibriados
Fedhas
Gozag
Makhleb
Okawaru
Sif Muna
Vehumet
Xom
Zin

Annotations:
D:5 Pikel


Innate Abilities, Weirdness & Mutations

Your muscles are strong. (Str +2)


Message History

Press: ? - help, Shift-Dir - straight line, f/p - ogre
Aim: an ogre, wielding a giant club You miscast Sticky Flame.
Strange energies run through your body. The ogre hits you with a giant club!!
Ouch! That really hurt!
* * * LOW HITPOINT WARNING * * *
Read which item? (? for menu, Esc to quit)
Okay, then.
Drink which item? (? for menu, Esc to quit)
It was a potion of beneficial mutation.
You feel stronger.
You feel fantastic! The ogre barely misses you.
Drink which item? (? for menu, Esc to quit)
It was a potion of curing.
You feel better.
Drink which item? (? for menu, Esc to quit)
It was a potion of haste.
You feel yourself speed up. The ogre barely misses you.
The ogre hits you with a giant club!!
Ouch! That really hurt!
You die...

..## ... ...##.
..# ..... ..
##....# #.# ##...#
#.. ###...#
#.####....#
#......#O@# .
##.######.#
..######..## #.#
#..........# ###
###........#
##.......##
##.......#####.
####..............
.................#


You could see an ogre.

Vanquished Creatures
  A gnoll shaman (D:3)
  2 adders (D:3)
  An ooze (D:2)
  A worm (D:3)
  6 giant geckos
  An orc (D:3)
  A ball python (D:1)
  5 bats
  4 goblins
  9 hobgoblins
  3 jackals (D:3)
  7 giant cockroaches
  5 giant newts
  7 kobolds
  3 quokkas
  9 rats
65 creatures vanquished.

Vanquished Creatures (others)
  A bat (D:3)
1 creature vanquished.

Grand Total: 66 creatures vanquished

Notes
Turn   | Place    | Note
--------------------------------------------------------------
     0 | D:1      | Lektor the Deep Elf Fire Elementalist began the quest for the Orb.
     0 | D:1      | Reached XP level 1. HP: 10/10 MP: 6/6
   227 | D:1      | Reached XP level 2. HP: 15/15 MP: 6/8
   965 | D:2      | Reached XP level 3. HP: 19/19 MP: 7/9
   970 | D:2      | Learned a level 3 spell: Conjure Flame
   990 | D:2      | Reached skill level 4 in Fire Magic
  1575 | D:3      | Found a snail-covered altar of Cheibriados.
  1990 | D:3      | Found an opulent altar of Gozag.
  2090 | D:3      | Reached XP level 4. HP: 20/24 MP: 2/10
  2096 | D:3      | Learned a level 4 spell: Sticky Flame
  2598 | D:4      | Noticed a phantom
  2744 | D:4      | Found a staircase to the Ecumenical Temple.
  2751 | Temple   | Entered the Ecumenical Temple
  2760 | Temple   | Became a worshipper of Vehumet
  3090 | D:4      | Noticed an ogre
  3095 | D:5      | Entered Level 5 of the Dungeon
  3259 | D:5      | Noticed Pikel
  3259 | D:5      | Noticed a slave
  3259 | D:5      | Noticed a slave
  3295 | D:4      | Gained mutation: Your muscles are strong. (Str +2) [potion of beneficial mutation]
  3298 | D:4      | Mangled by an ogre

Vault maps used:
D:1:      co_arrival_random_square_maze, serial_glass, glass_columns_b,
          glass_columns_b, glass_columns_a, glass_columns_a, glass_columns_a,
          glass_columns_b, glass_columns_a, glass_columns_b
D:2:      first_bread
D:3:      grunt_gozag_breadcrumbs, lemuel_doored_altar, lemuel_old_faithful
D:4:      minmay_temple_entry_trees
D:5:      old_forge, overflow_temple_1_default, kennysheep_mini_moat,
          makhleb_altar_promises_db, uniq_pikel
Temple:   minmay_temple_curvy_8

Action                   |  1- 3 |  4- 6 || total
-------------------------+-------+-------++-------
Melee: Unarmed           |     1 |       ||     1
       Dagger            |    12 |    20 ||    32
 Fire: Blowgun           |       |     3 ||     3
 Cast: Flame Tongue      |    88 |    20 ||   108
       Conjure Flame     |     2 |     1 ||     3
       Sticky Flame      |       |     2 ||     2
  Use: Scroll            |       |     4 ||     4
       Potion            |       |     3 ||     3
 Stab: Sleeping          |     3 |     2 ||     5
  Eat: Chunk             |     3 |     4 ||     7
       Beef jerky        |       |     1 ||     1
